 Dungeon Crawl Stone Soup version 0.31.0-12-g77e489cdc1 (webtiles) character file.

Game seed: 10946700544021771805

11642 112233 the Thaumaturge (level 11, -10/90 HPs)
             Began as a Mummy Necromancer on Feb 17, 2024.
             Was an Initiate of Gozag.
             Mangled by a cyan ugly thing (16 damage)
             ... on level 11 of the Dungeon.
             The game lasted 00:13:16 (13134 turns).

112233 the Thaumaturge (Mummy Necromancer)         Turns: 13134, Time: 00:13:18

Health: -10/90     AC:  7    Str: 19    XL:     11   Next: 52%
Magic:  1/28       EV: 14    Int: 19    God:    Gozag
Gold:   1566       SH:  0    Dex: 13    Spells: 9/37 levels left

rFire   x . .        b - +7 sling of Lies {heavy, Str+2}
rCold   + . .        (no shield)
rNeg    + + +        q - +0 robe
rPois   ∞            (no helmet)
rElec   .            (no cloak)
rCorr   .            e - +0 pair of gloves
SInv    .            (no boots)
Will    +....        (no amulet)
Stlth   ++           f - +4 ring of protection
HPRegen 0.35/turn    n - +6 ring of strength
MPRegen 0.21/turn

%: faith
@: on blink cooldown, very slightly contaminated
A: cold resistance 1, negative energy resistance 3, torment resistance 2, heat
vulnerability 1, in touch with death 1, no potions, faith
a: Renounce Religion, Potion Petition, Call Merchant, Bribe Branch


You were on level 11 of the Dungeon.
You worshipped Gozag.
Gozag was most pleased with you.
You visited 2 branches of the dungeon, and saw 12 of its levels.

You collected 2178 gold pieces.
You spent 523 gold pieces at shops.
You paid 89 gold pieces to Gozag.

Inventory:

Hand Weapons
 a - the +5 woodcutter's axe
   (You found it on level 6 of the Dungeon)
 b - the +7 sling of Lies (weapon) {heavy, Str+2}
   (You found it on level 3 of the Dungeon)

   Str+2:     It affects your strength (+2).
 i - a +0 short sword
Missiles
 v - 4 atropa-tipped darts
Armour
 e - a +0 pair of gloves (worn)
 j - a scarf of harm
 o - the +0 ring mail of Xom, Singing {^Drain rPois Int+2}
   (You found it on level 5 of the Dungeon)

   Int+2:     It affects your intelligence (+2).
   rPois:     It protects you from poison ^Drain: It drains your maximum health
   when unequipped.
 q - a +0 robe (worn)
Jewellery
 f - a +4 ring of protection (left hand)
 k - a ring of protection from cold
 n - a +6 ring of strength (right hand)
 u - a ring of wizardry
 z - a ring of magical power
Wands
 m - a wand of flame (47)
 p - a wand of light (9)
 y - a wand of polymorph (4)
Scrolls
 c - 8 scrolls of identify {unknown}
 d - 2 scrolls of summoning
 g - 3 scrolls of vulnerability
 h - 3 scrolls of teleportation {unknown}
 l - 2 scrolls of enchant weapon {unknown}
 r - a scroll of brand weapon {unknown}
 s - 2 scrolls of enchant armour {unknown}
 t - a scroll of revelation {unknown}
 w - a scroll of fear {unknown}
 x - a scroll of noise {unknown}
 A - a scroll of poison {unknown}
 B - a scroll of fog {unknown}
 D - a scroll of immolation {unknown}
Miscellaneous
 C - a tin of tremorstones (2/2)


   Skills:
 + Level 10.1 Fighting
 * Level 6.4 Dodging
 - Level 1.5 Stealth
 + Level 13.7 Spellcasting
 * Level 8.5 Necromancy


You had 9 spell levels left.
You knew the following spells:

 Your Spells              Type           Power      Damage    Failure   Level
a - Necrotise             Necr           100%       1d9       1%          1
b - Vampiric Draining     Necr           62%        2d10      1%          3
c - Blink                 Tloc           26%        N/A       8%          2
d - Martyr's Knell        Necr/Summ      43%        N/A       9%          4
e - Passwall              Erth           13%        N/A       16%         3
f - Dispel Undead         Necr           62%        3d22      1%          4
g - Curse of Agony        Necr           62%        N/A       4%          5
h - Death Channel         Necr           31%        N/A       24%         6

Your spell library contained the following spells:

 Spells                   Type           Power      Damage    Failure   Level
 Cigotuvi's Dreadful Rot  Necr/Alch/Air  70%        N/A       2%          2
 Ensorcelled Hibernation  Hex/Ice        26%        N/A       8%          2
 Lesser Beckoning         Tloc           26%        N/A       8%          2
 Momentum Strike          Conj/Tloc      26%        3d8       8%          2
 Swiftness                Air            13%        N/A       16%         3
 Tukima's Dance           Hex            13%        N/A       16%         3
 Passage of Golubria      Tloc           13%        N/A       45%         4
 Yara's Violent Unravell  Hex/Alch       6%         3d5       80%         5
 Animate Dead             Necr           Unusable   N/A       N/A         4

Dungeon Overview and Level Annotations

Branches:
Dungeon (11/15)            Temple (1/1) D:4            Lair (0/5) D:10
    Orc: D:9-12

Altars:
Ashenzari
Cheibriados
Dithmenos
Fedhas
Gozag
Hepliaklqana
Kikubaaqudgha
Makhleb
Nemelex Xobeh
Okawaru
Qazlal
Ru
Sif Muna
Trog
Uskayaw
Vehumet
Wu Jian
Xom
Yredelemnul

Shops:
D:2 *   D:10 [

Annotations:
D:4 1 runed translucent door, Marvel's ghost, amateur HOFi
D:5 exclusion: downstairs
D:6 exclusion: downstairs
D:8 exclusion: downstairs
D:10 exclusion: downstairs
D:11 1 runed translucent door, lis82's ghost, journeyman DgIE


Innate Abilities, Weirdness & Mutations

You are immune to poison.
Your flesh is cold resistant. (rC+)
You are immune to negative energy. (rN+++)
You are immune to unholy pain and torment.
You are vulnerable to heat. (rF-)
You are in touch with the powers of death.
You do not drink.
You have a special connection with the divine. (Faith)


Message History

Your flayed ghost hits the cyan ugly thing.
The cyan ugly thing is distracted by your dazzling golden aura.
The cyan ugly thing gurgles horribly!
Unknown command.
Casting: Martyr's Knell (dangerous; 9% risk of failure)
Confirm with . or Enter, or press ? or * to list all spells.
You feel a surge of power!
You miscast Martyr's Knell.
You are very lightly contaminated with residual magic.
Nothing appears to happen.
Your flayed ghost hits the cyan ugly thing!!
The cyan ugly thing is no longer distracted by gold.
The cyan ugly thing bites your flayed ghost!
Your flayed ghost is destroyed!
The terrible wounds on the cyan ugly thing's body vanish.
Your flayed ghost disappears in a puff of smoke!
The cyan ugly thing gurgles horribly!
Unknown command.
Casting: Martyr's Knell (dangerous; 9% risk of failure)
Confirm with . or Enter, or press ? or * to list all spells.
You feel a surge of power!
You call forth a shade to shield your allies.
Unknown command.
Casting: Martyr's Knell (dangerous; 9% risk of failure)
Confirm with . or Enter, or press ? or * to list all spells.
You don't have enough magic to cast this spell.
Unknown command.
You shoot a sling bullet.
The sling bullet hits the cyan ugly thing!
The cyan ugly thing is heavily wounded.
The cyan ugly thing bites you. The cyan ugly thing shocks you!
The cyan ugly thing bites you! The cyan ugly thing shocks you!
* * * LOW HITPOINT WARNING * * *
Unknown command.
Casting: Martyr's Knell (dangerous; 9% risk of failure)
Confirm with . or Enter, or press ? or * to list all spells.
You blink.
The cyan ugly thing bites you!
* * * LOW HITPOINT WARNING * * *
The cyan ugly thing shocks you!
You die...
Your body crumbles into a pile of gold.

#...
.....###......##.........
#.!##..#.#
#..^......#.......
##.....##.#
##........####.....
##......##.###.........#
#.....
........#...........###
#.....
##....^.#...##.#.#..##
#...........#.§..#...#
.##............Wu...#.##
......#......##.@..##.#
........>...####...#
..........<...#..$....#
##.#...........#......#
####..........#........
###..................
##.................
#...............:.
.................


You could see a cyan ugly thing (ally target) and a friendly martyred shade
(summoned).

Vanquished Creatures
  A two-headed ogre (D:10)
  A komodo dragon (D:10)
  A shadow (D:9)
  29 yaks
  A wyvern (D:10)
  3 vampire mosquitoes (D:10)
  A water moccasin (D:8)
  Edmund (D:5)
  Duvessa (D:5)
  2 ice beasts
  2 orc warriors
  A sky beast (D:7)
  2 phantoms (D:5)
  An ogre (D:4)
  5 centaurs
  4 kobold brigands
  5 gnoll sergeants
  2 bullfrogs
  A scorpion (D:4)
  Dowan (D:5)
  15 killer bees
  7 howler monkeys
  6 jellies
  5 orc priests
  4 hounds
  2 gnoll boudas (D:6)
  Jessica (D:2)
  16 orc wizards
  3 iguanas
  Robin (D:2)
  12 gnolls
  2 adders
  A white imp (D:6)
  2 ufetubi (D:5)
  2 dart slugs
  5 ribbon worms
  22 orcs
  6 bats
  8 endoplasms
  4 giant cockroaches (D:1)
  12 goblins
  7 hobgoblins
  25 kobolds
  2 quokkas
  5 ball pythons
  7 frilled lizards
  5 rats
252 creatures vanquished.

Vanquished Creatures (collateral kills)
  A gargoyle (D:11)
  A shadow (D:10)
  7 yaks (D:10)
  An acid dragon (D:10)
10 creatures vanquished.

Grand Total: 262 creatures vanquished

Notes
Turn   | Place    | Note
-------+----------+-------------------------------------------
     0 | D:1      | 112233 the Mummy Necromancer began the quest for the Orb.
     0 | D:1      | Reached XP level 1. HP: 13/13 MP: 4/4
    93 | D:1      | Reached skill level 3 in Spellcasting
   292 | D:1      | Reached XP level 2. HP: 19/19 MP: 2/6
   513 | D:1      | Reached skill level 4 in Spellcasting
  1256 | D:2      | Reached XP level 3. HP: 21/24 MP: 3/8
  1632 | D:2      | Noticed Robin
  1656 | D:2      | Reached skill level 5 in Spellcasting
  1946 | D:2      | Killed Robin
  2054 | D:2      | Noticed Jessica
  2056 | D:2      | Killed Jessica
  2057 | D:2      | Reached XP level 4. HP: 30/30 MP: 7/11
  2061 | D:2      | Learned a level 3 spell: Vampiric Draining
  2342 | D:2      | Found Itehijol's Assorted Antiques.
  2427 | D:3      | Reached skill level 6 in Spellcasting
  2612 | D:3      | Identified the +7 sling of Lies {heavy, Str+2}
  2751 | D:3      | Reached XP level 5. HP: 35/35 MP: 13/13
  3626 | D:4      | Noticed an ogre
  3641 | D:5      | Entered Level 5 of the Dungeon
  3660 | D:5      | Noticed a phantom
  3667 | D:5      | Killed a phantom
  3668 | D:5      | Reached skill level 1 in Fighting
  3668 | D:5      | Reached skill level 7 in Spellcasting
  3865 | D:5      | Noticed Edmund
  3905 | D:6      | Reached XP level 6. HP: 44/44 MP: 14/16
  4390 | D:4      | Found a staircase to the Ecumenical Temple.
  4411 | Temple   | Entered the Ecumenical Temple
  4421 | Temple   | Became a worshipper of Gozag Ym Sagoz the Greedy
  4460 | D:4      | Reached skill level 8 in Spellcasting
  4538 | D:4      | Reached XP level 7. HP: 52/52 MP: 10/18
  4679 | D:4      | Found a burning altar of Makhleb.
  4722 | D:4      | Found a runed translucent door.
  4724 | D:4      | Noticed Marvel's ghost (amateur HOFi)
  4992 | D:5      | Noticed Duvessa
  5002 | D:5      | Killed Duvessa
  5008 | D:5      | Noticed Dowan
  5009 | D:5      | Killed Edmund
  5010 | D:5      | Reached skill level 9 in Spellcasting
  5093 | D:6      | Reached skill level 5 in Fighting
  5190 | D:6      | Reached XP level 8. HP: 60/62 MP: 15/21
  5535 | D:5      | Killed Dowan
  5536 | D:5      | Reached skill level 10 in Spellcasting
  5604 | D:5      | Identified the +0 ring mail of Xom, Singing {^Drain rPois
                  | Int+2}
  6488 | D:6      | Found the +5 woodcutter's axe
  6699 | D:7      | Found a shimmering blue altar of Sif Muna.
  6790 | D:6      | Reached skill level 11 in Spellcasting
  7056 | D:2      | Bought a scroll labelled PAIT LEBBONGAM for 24 gold pieces
  7056 | D:2      | Bought a scroll labelled SEOKOFR NOPAE for 24 gold pieces
  7056 | D:2      | Bought a scroll labelled PAIT LEBBONGAM for 24 gold pieces
  7056 | D:2      | Bought a scroll labelled ZAMMEY TUPRIO for 24 gold pieces
  7056 | D:2      | Bought a wand of light (4) for 403 gold pieces
  7056 | D:2      | Bought a scroll labelled YKKODI AJ ZERGH for 24 gold pieces
  7201 | D:6      | Reached XP level 9. HP: 56/72 MP: 11/24
  8031 | D:7      | Learned a level 2 spell: Blink
  8037 | D:7      | Learned a level 5 spell: Curse of Agony
  8046 | D:7      | Reached skill level 12 in Spellcasting
  8910 | D:8      | Reached XP level 10. HP: 65/83 MP: 8/26
  8917 | D:8      | Reached skill level 5 in Necromancy
 10034 | D:9      | Reached skill level 13 in Spellcasting
 10550 | D:9      | Reached skill level 5 in Dodging
 11227 | D:9      | Reached XP level 11. HP: 90/90 MP: 18/28
 11307 | D:9      | Learned a level 3 spell: Passwall
 11357 | D:10     | Entered Level 10 of the Dungeon
 11369 | D:10     | You fall into a shaft and drop 1 floor!
 11380 | D:11     | Noticed a cyan ugly thing
 11463 | D:10     | Noticed a two-headed ogre
 11481 | D:10     | Killed a two-headed ogre
 11648 | D:10     | Found Hatref's Armour Shoppe.
 11670 | D:10     | Learned a level 4 spell: Dispel Undead
 11675 | D:10     | Learned a level 4 spell: Martyr's Knell
 11682 | D:10     | Learned a level 6 spell: Death Channel
 11704 | D:10     | Found a staircase to the Lair.
 12165 | D:10     | Reached skill level 10 in Fighting
 13049 | D:11     | Found a runed translucent door.
 13051 | D:11     | Noticed lis82's ghost (journeyman DgIE)
 13134 | D:11     | Mangled by a cyan ugly thing

Illustrated notes

Levels and vault maps discovered:
D:1:      eino_arrival_tree_alley, layout_basic, roderic_st_hans_cross
D:2:      layout_loops_cross, serial_shops, shop, uniq_jessica, uniq_robin
D:3:      layout_loops_corners
D:4:      layout_rooms, makhleb_blood_cavern_becter,
          minmay_temple_entry_junction, gammafunk_ghost_grave
D:5:      layout_basic, serial_glass, glass_columns_b, glass_columns_b,
          uniq_edmund, uniq_duvessa
D:6:      layout_rooms, pf_guarded_unrand_woodcutter
D:7:      layout_cave_pools, overflow_temple_1_default,
          mainiacjoe_overflow_concentric_impassable
D:8:      layout_loops_ring, hangedman_decor_clover_reticule
D:9:      layout_basic
D:10:     layout_roguey, david_lair_shrubbed, nicolae_stop_n_shop_2
D:11:     layout_cave_pools, orc_0_dummy, gammafunk_ghost_grave,
          minmay_crystal_water
Temple:   hellmonk_temple_of_storms

Skill      XL: |  1  2  3  4  5  6  7  8  9 10 11 |
---------------+----------------------------------+-----
Spellcasting   | 3 4 5 6 7 8 9 11 12 13 | 13.7
Fighting       | 1 3 5 7 9 10 | 10.1
Dodging        | 2 5 6 |  6.4
Necromancy     | 7 8 |  8.5
Stealth        | |  1.5

Action                     |  1- 3 |  4- 6 |  7- 9 | 10-12 || total
---------------------------+-------+-------+-------+-------++-------
  Melee: Battleaxe         |       |       |    13 |     7 ||    20
   Fire: Sling             |       |    35 |   100 |   169 ||   304
   Cast: Necrotise         |    68 |    66 |    18 |    10 ||   162
         Vampiric Draining |       |     5 |    97 |   106 ||   208
         Martyr's Knell    |       |       |       |    18 ||    18
         Dispel Undead     |       |       |       |     4 ||     4
         Blink             |       |       |       |     2 ||     2
  Evoke: Wand              |       |       |     1 |     6 ||     7
    Use: Scroll            |       |       |       |     2 ||     2
 Armour: Robe              |     5 |    27 |   136 |   191 ||   359
  Dodge: Dodged            |     4 |    20 |   101 |   193 ||   318
